[Event "Emanuel Lasker Open 2017"]
[Site "Gorzow"]
[Date "2017.06.18"]
[Round "7"]
[White "Bartnicki, Pawel"]
[Black "Knapik, Julia"]
[Result "1/2-1/2"]
[ECO "D55"]
[WhiteElo "2078"]
[BlackElo "1627"]
[Annotator "NA RC"]
[PlyCount "85"]
[EventDate "2017.??.??"]
[EventType "swiss"]
[EventCountry "POL"]
[SourceTitle "playchess.com"]
[Source "ChessBase"]
[SourceQuality "1"]
[TimeControl "40/5400+30:1800+30"]

1. d4 d5 2. c4 e6 3. Nc3 Nf6 4. Bg5 Be7 5. e3 O-O 6. Nf3 b6 7. Rc1 Bb7 8. Bd3 dxc4 9. Bxc4 Nbd7 10. O-O h6 11. Bh4 Ne4 12. Bxe7 {[%emt 0:02:18] LiveBook: 5 Games D58: Queen's Gambit Declined: Tartakower Defence} Qxe7 13. Nxe4 Bxe4 14. Bd3 (14. Bb5 Nb8 15. Rc3 Rc8 16. Qe2 a6 17. Ba4 Qb4 18. Bb3 Nd7 19. Rfc1 c5 {½-½ (32) Lyrberg,P (2573)-Akesson,R (2540) Sweden 2005}) 14... Bxd3 15. Qxd3 c5 16. Qa3 Rfe8 $146 ({Predecessor:} 16... Rfc8 17. Rc2 Qe8 18. Rfc1 cxd4 19. Nxd4 Nf6 {½-½ (19) Robatsch,K (2415)-Eolian,L (2355) Yerevan 1982}) 17. Rfd1 e5 18. dxe5 Nxe5 19. Nxe5 Qxe5 20. Rd7 Red8 21. Rcd1 Rxd7 22. Rxd7 Qf5 23. Qd3 Qxd3 24. Rxd3 Re8 25. Rd7 a5 26. Rb7 Rd8 27. Kf1 Rd6 28. Ke2 g6 29. a4 Kg7 30. g4 g5 31. h3 Kg6 32. b3 Kg7 33. Kf3 Kf6 34. Ke4 Ke6 35. f4 gxf4 36. Kxf4 Kf6 37. h4 Rc6 38. e4 Kg7 39. Kf5 Rf6+ (39... c4 $11 40. bxc4 Rxc4) 40. Ke5 Rg6 $1 41. Kf4 Rf6+ 42. Ke5 Rg6 43. h5 $11 1/2-1/2

[Event "Emanuel Lasker Open 2017"]
[Site "Gorzow"]
[Date "2017.06.18"]
[Round "7"]
[White "Michalski, Filip"]
[Black "Lukasiewicz, Krzysztof"]
[Result "0-1"]
[ECO "D53"]
[WhiteElo "2028"]
[BlackElo "2098"]
[Annotator "NA RC"]
[PlyCount "80"]
[EventDate "2017.??.??"]
[EventType "swiss"]
[EventCountry "POL"]
[SourceTitle "playchess.com"]
[Source "ChessBase"]
[SourceQuality "1"]
[TimeControl "40/5400+30:1800+30"]

1. d4 d5 2. c4 e6 3. Nc3 Nf6 4. Bg5 Be7 5. cxd5 exd5 6. Qc2 c6 7. e3 Nbd7 8. Bd3 Nh5 9. Bxe7 {[%emt 0:01:01] LiveBook: 589 Games} Qxe7 10. O-O-O Nb6 11. h3 {[%emt 0:00:25] D36: Queen's Gambit Declined: Exchange Variation: Main line (5 Bg5 c6 6 Qc2)} g6 12. g4 (12. Nf3 Be6 13. Kb1 O-O-O 14. Nd2 Ng7 15. g4 Kb8 16. Nb3 h5 17. f3 Bc8 18. Qf2 hxg4 19. hxg4 Ne6 20. f4 {0-1 (75) Nakamura,H (2793)-Onischuk,A (2667) Saint Louis 2017}) 12... Ng7 13. Nf3 Be6 14. Kb1 O-O-O 15. Ka1 Kb8 16. Rc1 h5 $146 ({Predecessor:} 16... Ne8 17. Rcg1 Nd6 18. h4 h5 19. g5 Bf5 20. Bxf5 Nxf5 {0-1 (40) Duppel,M (2440)-Borriss,M (2442) Germany 2003}) 17. g5 Bf5 18. Bxf5 Nxf5 19. Na4 Nxa4 20. Qxa4 Nd6 21. Qb4 Ka8 22. Rhg1 (22. Rh2 $11 {keeps the balance.}) 22... Qe6 23. h4 Qf5 24. Ne5 Qxf2 25. Rgf1 Qxh4 ({Don't play} 25... Qxe3 $6 26. Rce1 $11) 26. Nxf7 (26. Qc5 $17 {was necessary.}) 26... Nxf7 27. Rxf7 Rb8 28. a4 $2 (28. Qe7 $17 {might work better.}) 28... Qxg5 29. Rc3 Qh6 (29... Qd8 $142 30. Rc1 h4) 30. Qe7 (30. Rxc6 $17 Qxe3 31. Rcc7) 30... Rhf8 31. Rh7 (31. Rg7 $142) 31... Rf1+ 32. Ka2 Qf8 33. a5 Qxe7 34. Rxe7 a6 35. b4 $2 (35. e4 {keeps fighting.}) 35... Rbf8 36. Kb3 h4 37. e4 dxe4 38. d5 cxd5 39. b5 Rb1+ 40. Ka4 Rxb5 $19 0-1